 Dungeon Crawl Stone Soup version 0.17-a0-2058-g8b0eb12 (webtiles) character file.

29139 Ordine the Bludgeoner (level 13, -35/116 HPs)
             Began as a Minotaur Berserker on Oct 12, 2015.
             Was a High Priest of Trog.
             Killed from afar by a frost giant (44 damage)
             ... with a bolt of cold
             ... in an ice cave.
             The game lasted 01:08:45 (15455 turns).

Ordine the Bludgeoner (Minotaur Berserker)         Turns: 15455, Time: 01:08:46

Health: -35/116    AC: 16    Str: 22    XL:     13   Next: 13%
Magic:  12/12      EV: 10    Int:  4    God:    Trog [*****.]
Gold:   671        SH: 16    Dex: 15    Spells: 0 memorised, 12 levels left

rFire  . . .     SeeInvis .     H - +3 morningstar (holy)
rCold  . . .     Clarity  .     g - +1 plate armour
rNeg   . . .     SustAt   .     A - +2 shield
rPois  .         Gourm    .     (helmet restricted)
rElec  .         Spirit   .     D - +0 cloak
rCorr  .         Warding  .     (no gloves)
rMut   .         Stasis   .     z - +0 pair of boots
MR     ++...                    (no amulet)
Stlth  ..........               v - ring of protection from magic
                                i - ring of protection from magic

@: exhausted, about to teleport, very resistant to hostile enchantments,
extremely unstealthy
A: retaliatory headbutt, horns 2
a: Burn Spellbooks, Berserk, Trog's Hand, Brothers in Arms, Renounce Religion


You were in an ice cave.
You worshipped Trog.
Trog was extremely pleased with you.
You were very hungry.

You visited 2 branches of the dungeon, and saw 14 of its levels.
You also visited: Ice Cave.

You collected 671 gold pieces.

Inventory:

Hand Weapons
 H - a +3 morningstar of holy wrath (weapon)
Missiles
 o - 5 silver tomahawks (quivered)
Armour
 g - a +1 plate armour (worn)
 z - a +0 pair of boots (worn)
 A - a +2 shield (worn)
 D - a +0 cloak (worn)
Jewellery
 i - a ring of protection from magic (left hand)
 v - a ring of protection from magic (right hand)
Wands
 a - a wand of teleportation (4)
Scrolls
 j - 5 scrolls of teleportation
 u - 4 scrolls of remove curse
 E - a scroll of blinking
Potions
 d - a potion of cancellation
 e - 2 potions of agility
 f - 2 potions of curing
 k - a potion of magic
Comestibles
 b - 14 chunks of flesh
 C - 6 fruits


   Skills:
 + Level 11.3 Fighting
 - Level 16.0 Maces & Flails
 + Level 7.1 Armour
 + Level 6.4 Dodging
 - Level 15.0 Shields


You had 12 spell levels left.
You didn't know any spells.

Dungeon Overview and Level Annotations

Branches:
Dungeon (11/15)            Temple (0/1) D:5            Lair (3/8) D:11
 Spider (0/4) Lair:3          Orc (0/4) D:11
  Swamp: Lair:3-6    Shoals: Lair:3-6

Altars:
Dithmenos
Elyvilon
Gozag
Qazlal
Ru
Sif Muna
Trog
Vehumet
Xom
Yredelemnul
Jiyva


Innate Abilities, Weirdness & Mutations

You reflexively headbutt those who attack you in melee.
You have a pair of horns on your head.


Message History

Your magical effects are unravelling.
You feel magically purged.
You feel yourself speed up.
You feel a little less agile now.
The frost giant hits you with a battleaxe of freezing!
* * * LOW HITPOINT WARNING * * *
The frost giant freezes you!
* * * LOW HITPOINT WARNING * * *
A frost giant is nearby!
Unknown command.
Unknown command.
Read which item? (? for menu, Esc to quit)
As you read the scroll of teleportation, it crumbles to dust.
You feel strangely unstable.
The frost giant hits you with a battleaxe of freezing.
* * * LOW HITPOINT WARNING * * *
The frost giant freezes you.
* * * LOW HITPOINT WARNING * * *
The frost giant points at you and mumbles some strange words.
The bolt of cold hits you!
You die...

##.# #...####
|$#....#.# #
#......#.##
##. #Y†#.##
#.## ##h##h#
#..# #####C##
##..##
##..#.##
##.÷..#
#...#@.#
#.....##
##.##...#
##..#...#
#..###⌠.#
#..###..##
#.###..####.##
##..# #..#####
#..# ##.#
###...## ##..#
##.# #..#...#
#..## #.##
##[#...# #.##
#.## ####..##
#..# #..#


You could see a frost giant and a polar bear.

Vanquished Creatures
  Fannar (D:10)
  A hydra (Lair:2)
  Erica (D:8)
  2 death yaks (IceCv)
  The ghost of Pereza0 the Slicer, a journeyman VSSu of Sif Muna (D:11)
  An unseen horror (D:11)
  3 hill giants
  An ice statue (IceCv)
  Joseph (D:8)
  A black mamba (Lair:2)
  3 spiny frogs
  Psyche (D:9)
  2 komodo dragons (Lair:2)
  2 trolls
  15 polar bears
  A two-headed ogre (D:9)
  A trapdoor spider zombie (D:11)
  2 wyverns
  A spriggan (D:8)
  A deep elf mage (D:10)
  31 yaks
  A warg (D:11)
  31 wolves
  A mottled dragon (D:11)
  Duvessa (D:5)
  6 water moccasins
  5 orc warriors
  A porcupine (Lair:2)
  An ice beast (D:11)
  3 black bears
  An eye of draining (D:7)
  A necrophage (D:11)
  8 ogres
  A wasp (D:10)
  10 centaurs
  4 crocodiles
  2 big kobolds
  9 giant frogs
  Dowan (D:5)
  A scorpion (D:8)
  12 killer bees
  4 crimson imps
  A centaur zombie (D:11)
  An electric eel (Lair:2)
  2 jellies
  A quasit (D:7)
  2 giant frog skeletons
  4 iguanas
  9 orc priests
  13 orc wizards
  4 centaur skeletons
  Jessica (D:2)
  Terence (D:3)
  9 hounds
  5 worker ants
  2 hound zombies (D:10)
  A hound skeleton (D:6)
  Robin (D:2)
  20 river rats
  13 adders
  8 gnolls
  4 shadow imps
  4 oozes
  3 worms
  An adder skeleton (D:6)
  An adder zombie (D:9)
  3 giant geckos
  59 orcs
  7 bats
  6 giant cockroaches
  12 goblins
  14 hobgoblins
  4 jackals (D:1)
  12 kobolds
  A ball python (D:4)
  6 giant newts
  2 jackal skeletons
  8 quokkas
  3 quokka skeletons
  6 rats
431 creatures vanquished.

Vanquished Creatures (others)
  A polar bear (IceCv)
1 creature vanquished.

Grand Total: 432 creatures vanquished

Notes
Turn   | Place    | Note
--------------------------------------------------------------
     0 | D:1      | Ordine the Minotaur Berserker began the quest for the Orb.
     0 | D:1      | Reached XP level 1. HP: 19/19 MP: 0/0
   450 | D:1      | Reached skill level 4 in Fighting
   504 | D:1      | Reached XP level 2. HP: 27/27 MP: 1/1
   902 | D:2      | Reached XP level 3. HP: 34/34 MP: 2/2
   911 | D:2      | Acquired Trog's second power
  1028 | D:2      | Noticed Jessica
  1033 | D:2      | Killed Jessica
  1037 | D:2      | Reached skill level 5 in Maces & Flails
  1037 | D:2      | Reached XP level 4. HP: 37/41 MP: 3/3
  1113 | D:2      | Reached skill level 5 in Fighting
  1139 | D:2      | Noticed Robin
  1153 | D:2      | Killed Robin
  1725 | D:3      | Reached XP level 5. HP: 45/48 MP: 4/4
  1828 | D:3      | Reached skill level 6 in Maces & Flails
  1974 | D:3      | Noticed Terence
  1982 | D:3      | Killed Terence
  2061 | D:3      | Reached XP level 6. HP: 30/57 MP: 5/5
  2620 | D:4      | Received a gift from Trog
  2683 | D:4      | Found a white marble altar of Elyvilon.
  2701 | D:4      | Reached skill level 7 in Fighting
  2784 | D:4      | Reached XP level 7. HP: 66/66 MP: 6/6
  3544 | D:5      | Entered Level 5 of the Dungeon
  3663 | D:5      | Found a shimmering altar of Xom.
  3785 | D:5      | Noticed Dowan
  3786 | D:5      | Noticed Duvessa
  3794 | D:5      | Killed Duvessa
  3794 | D:5      | Reached skill level 8 in Fighting
  3811 | D:5      | Killed Dowan
  3893 | D:5      | Acquired Trog's third power
  3911 | D:5      | Found a viscous altar of Jiyva.
  4226 | D:5      | Reached XP level 8. HP: 64/75 MP: 7/7
  4232 | D:5      | Found a staircase to the Ecumenical Temple.
  4548 | D:6      | You fall through a shaft!
  4553 | D:7      | Reached skill level 9 in Maces & Flails
  4980 | D:6      | Got a pitted leather armour
  4985 | D:6      | Reached skill level 10 in Maces & Flails
  5009 | D:6      | Identified the +1 leather armour of Fun {Int+6 Dex-3} (You found it on level 6 of the Dungeon)
  5077 | D:6      | Got a faintly glowing falchion
  5078 | D:6      | Identified the +1 falchion "Sull" {pain, +Fly rPois Dex-3} (You found it on level 6 of the Dungeon)
  5169 | D:6      | Found an opulent altar of Gozag.
  5340 | D:7      | Found a bloodstained altar of Trog.
  5349 | D:7      | Reached skill level 11 in Maces & Flails
  5776 | D:7      | Reached XP level 9. HP: 78/82 MP: 8/8
  5812 | D:7      | Reached skill level 12 in Maces & Flails
  6126 | D:7      | Found a sacrificial altar of Ru.
  6487 | D:8      | Identified a scroll of acquirement
  6725 | D:8      | Noticed Joseph
  6740 | D:8      | Killed Joseph
  6740 | D:8      | Reached skill level 13 in Maces & Flails
  6741 | D:8      | Found a stormy altar of Qazlal.
  7409 | D:8      | Found an opulent altar of Gozag.
  7441 | D:8      | Noticed Erica
  7462 | D:8      | Killed Erica
  7462 | D:8      | Reached skill level 14 in Maces & Flails
  7462 | D:8      | Reached XP level 10. HP: 91/91 MP: 9/9
  7725 | D:8      | Found a deep blue altar of Sif Muna.
  7903 | D:9      | Reached skill level 15 in Maces & Flails
  8453 | D:9      | Found a shadowy altar of Dithmenos.
  8534 | D:9      | Noticed Psyche
  8544 | D:9      | Killed Psyche
  8742 | D:9      | Found a shimmering altar of Xom.
  8744 | D:9      | Found a basalt altar of Yredelemnul.
  8908 | D:9      | Found a radiant altar of Vehumet.
  9025 | D:10     | Entered Level 10 of the Dungeon
  9072 | D:10     | Noticed Fannar
  9075 | D:10     | Reached skill level 16 in Maces & Flails
  9088 | D:10     | Killed Fannar
  9088 | D:10     | Reached skill level 10 in Fighting
  9156 | D:10     | Noticed a hill giant
  9164 | D:10     | Killed a hill giant
  9170 | D:10     | Reached skill level 5 in Shields
  9324 | D:10     | Reached XP level 11. HP: 101/101 MP: 10/10
  9386 | D:10     | Noticed a hill giant
  9395 | D:10     | Killed a hill giant
 10057 | D:11     | Noticed Pereza0's ghost (journeyman VSSu)
 10505 | D:11     | Killed Pereza0's ghost
 10638 | D:11     | Noticed a hill giant
 10649 | D:11     | Killed a hill giant
 10649 | D:11     | Reached skill level 10 in Shields
 10751 | D:11     | Killed an unseen horror
 10751 | D:11     | Received a gift from Trog
 11029 | D:11     | Found a staircase to the Orcish Mines.
 11260 | D:11     | Found a staircase to the Lair.
 11483 | Lair:1   | Entered Level 1 of the Lair of Beasts
 12524 | Lair:2   | Reached XP level 12. HP: 93/107 MP: 11/11
 12859 | Lair:2   | Noticed an eight-headed hydra
 12871 | Lair:2   | Killed an eight-headed hydra
 13625 | Lair:2   | Received a gift from Trog
 14179 | Lair:3   | Found a frozen archway.
 14260 | IceCv    | Entered an ice cave
 14717 | IceCv    | Reached skill level 15 in Shields
 14739 | IceCv    | Reached skill level 5 in Armour
 14767 | IceCv    | Reached skill level 5 in Dodging
 15289 | IceCv    | Reached XP level 13. HP: 116/116 MP: 12/12
 15416 | IceCv    | Noticed a frost giant
 15455 | IceCv    | Killed from afar by a frost giant

Vault maps used:
D:1:      minmay_arrival_stone_box
D:2:      first_bread, uniq_jessica, uniq_robin
D:3:      uniq_terence
D:4:      elyvilon_altar_3
D:5:      wad_woods_stonehenge, minmay_temple_entry_from_below_a,
          minmay_misc_feat_more_columns, jiyva_altar_1, uniq_duvessa
D:6:      basic_altar
D:7:      trog_eyes_of_draining, nicolae_ru_sacrificial_ziggurat
D:8:      nicolae_qazlal_style_of_elements, lemuel_blue_sif_altar,
          nicolae_gozag_cash_rules_everything_around_me, the_bakery,
          minmay_strange_pillars, uniq_erica, uniq_joseph
D:9:      grunt_temple_overflow_open, overflow_temple_1_default, basic_altar,
          uniq_psyche
D:10:     uniq_fannar
D:11:     lair_0_dummy, erik_orc_4
Lair:1:   infiniplex_staircase_pool
Lair:2:   gammafunk_lair_bear_cave
Lair:3:   spider_nest_entry_a, portal_ice_cave_entry_pillars_01, uniq_gastronok
IceCv:    ice_cave_caverns_01

Action                   |  1- 3 |  4- 6 |  7- 9 | 10-12 | 13-15 || total
-------------------------+-------+-------+-------+-------+-------++-------
Melee: Mace              |    63 |   171 |   102 |       |       ||   336
       Morningstar       |       |       |   250 |   813 |    37 ||  1100
Throw: Tomahawk          |       |     1 |       |       |       ||     1
Invok: Berserk           |       |     3 |     6 |     9 |     1 ||    19
       Burn Spellbooks   |       |     1 |       |     2 |       ||     3
       Trog's Hand       |       |       |     1 |     2 |       ||     3
Evoke: Wand              |       |       |       |     3 |       ||     3
  Use: Scroll            |     6 |     6 |    11 |     6 |     1 ||    30
       Potion            |       |       |       |     2 |     7 ||     9
  Eat: Chunk             |       |     8 |    22 |    29 |     2 ||    61
       Meat ration       |       |       |       |     1 |       ||     1
